TOP OF THE 1ST |
Grim Reapers batting - Pitching for Louisiana Dragoons : LHP Noe Toepfer
|
Pitching: LHP Noe Toepfer
|
|
Batting: RHB Tso-i Wang
|
0-0: Ball 1-0: Fly out, F9 (Flyball, 9)
|
Batting: LHB Semo Hoaloha
|
0-0: Called Strike 0-1: Swinging Strike 0-2: SINGLE (Line Drive, 7LS)
|
Batting: RHB Scotty Glenn
|
0-0: Called Strike 0-1: Called Strike 0-2: Strikes out swinging
|
Batting: RHB Huai-yi Yang
|
0-0: Ball 1-0: DOUBLE (Flyball, 78D) Semo Hoaloha to third Runner from 3rd tries for Home, SAFE, no throw
|
Batting: RHB Bearooz Yacoobi
|
0-0: SINGLE (Line Drive, 78S) Huai-yi Yang to third Runner from 3rd tries for Home, SAFE, no throw
|
Batting: RHB Brandon Palmer
|
0-0: Foul Ball, location: 2F 0-1: Ground out 6-3 (Groundball, 6S)
|
Top of the 1st over - 2 runs, 3 hits, 0 errors, 1 left on base; Grim 2 - Louisiana 0 |
BOTTOM OF THE 1ST |
Louisiana Dragoons batting - Pitching for Grim Reapers : RHP Kabeya Kasongo
|
Pitching: RHP Kabeya Kasongo
|
|
Batting: RHB Woodrow McGuire
|
0-0: Called Strike 0-1: Ball 1-1: Foul Ball, location: 2F 1-2: Ground out 4-3 (Groundball, 4)
|
Batting: SHB Alexei Ponikarov
|
0-0: Ball 1-0: Ball 2-0: Ball 3-0: Called Strike 3-1: Foul Ball, location: 2F 3-2: Ground out 1-3 (Groundball, 13)
|
Batting: RHB Eugene Bennett
|
0-0: Fly out, F7 (Line Drive, 7)
|
Bottom of the 1st over - 0 runs, 0 hits, 0 errors, 0 left on base; Grim 2 - Louisiana 0 |
TOP OF THE 2ND |
Grim Reapers batting - Pitching for Louisiana Dragoons : LHP Noe Toepfer
|
Batting: RHB Fraser Albrecht
|
0-0: Foul Ball, location: 2F 0-1: Foul Ball, location: 2F 0-2: Strikes out swinging
|
Batting: SHB Guo-liang Ye
|
0-0: Fly out, F8 (Flyball, 8LM)
|
Batting: RHB Tsuneari Hirano
|
0-0: Called Strike 0-1: Ball 1-1: Called Strike 1-2: Strikes out swinging
|
Top of the 2nd over - 0 runs, 0 hits, 0 errors, 0 left on base; Grim 2 - Louisiana 0 |
BOTTOM OF THE 2ND |
Louisiana Dragoons batting - Pitching for Grim Reapers : RHP Kabeya Kasongo
|
Batting: SHB Brian Carr
|
0-0: Ball 1-0: Foul Ball, location: 2F 1-1: Ball 2-1: Ball 3-1: Base on Balls
|
Batting: LHB Pancho González
|
0-0: Ball 1-0: Called Strike 1-1: Fielders Choice at 2nd, 6-4 (Groundball, 6)
|
Batting: LHB Walt Trombly
|
0-0: Called Strike 0-1: Foul Ball, location: 2F 0-2: Ball 1-2: SINGLE (Line Drive, 34D) Pancho González to second Runner from 2nd tries for 3rd, SAFE, no throw
|
Batting: RHB Wallace Belyeu
|
0-0: Ball 1-0: Grounds into double play, 6-4-3 (Groundball, 6)
|
Bottom of the 2nd over - 0 runs, 1 hit, 0 errors, 1 left on base; Grim 2 - Louisiana 0 |
TOP OF THE 3RD |
Grim Reapers batting - Pitching for Louisiana Dragoons : LHP Noe Toepfer
|
Batting: RHB Tso-i Wang
|
0-0: Fly out, F4 (Line Drive, 4)
|
Batting: LHB Semo Hoaloha
|
0-0: Ball 1-0: Ground out 4-3 (Groundball, 4)
|
Batting: RHB Scotty Glenn
|
0-0: Called Strike 0-1: Called Strike 0-2: Ball 1-2: Foul Ball, location: 2F 1-2: Foul Ball, location: 2F 1-2: SINGLE (Line Drive, 6MD)
|
Batting: RHB Huai-yi Yang
|
0-0: Ball Scotty Glenn steals 2nd base 1-0: Called Strike 1-1: Ball 2-1: Called Strike 2-2: Ball 3-2: Foul Ball, location: 2F 3-2: Strikes out swinging
|
Top of the 3rd over - 0 runs, 1 hit, 0 errors, 1 left on base; Grim 2 - Louisiana 0 |
BOTTOM OF THE 3RD |
Louisiana Dragoons batting - Pitching for Grim Reapers : RHP Kabeya Kasongo
|
Batting: RHB Denny Moore
|
0-0: Called Strike 0-1: Swinging Strike 0-2: Ball 1-2: Ball 2-2: Ball 3-2: Ground out 6-3 (Groundball, 6)
|
Batting: RHB Toyoshige Ine
|
0-0: Called Strike 0-1: Ball 1-1: Ground out 5-3 (Groundball, 56)
|
Batting: RHB Woodrow McGuire
|
0-0: Ball 1-0: Ball 2-0: Called Strike 2-1: Foul Ball, location: 2F 2-2: Ball 3-2: Fly out, F4 (Line Drive, 4M)
|
Bottom of the 3rd over - 0 runs, 0 hits, 0 errors, 0 left on base; Grim 2 - Louisiana 0 |
TOP OF THE 4TH |
Grim Reapers batting - Pitching for Louisiana Dragoons : LHP Noe Toepfer
|
Batting: RHB Bearooz Yacoobi
|
0-0: Foul Ball, location: 2F 0-1: Ground out 1-3 (Groundball, 13)
|
Batting: RHB Brandon Palmer
|
0-0: Foul Ball, location: 2F 0-1: Ball 1-1: Ball 2-1: Ball 3-1: Called Strike 3-2: Base on Balls
|
Batting: RHB Fraser Albrecht
|
0-0: Called Strike 0-1: Ball 1-1: Ball 2-1: Ball 3-1: Base on Balls Brandon Palmer to second
|
Batting: SHB Guo-liang Ye
|
0-0: Swinging Strike 0-1: Grounds into double play, 5-4-3 (Groundball, 56)
|
Top of the 4th over - 0 runs, 0 hits, 0 errors, 1 left on base; Grim 2 - Louisiana 0 |
BOTTOM OF THE 4TH |
Louisiana Dragoons batting - Pitching for Grim Reapers : RHP Kabeya Kasongo
|
Batting: SHB Alexei Ponikarov
|
0-0: Called Strike 0-1: Foul Ball, location: 2F 0-2: Ball 1-2: Ball 2-2: Foul Ball, location: 2F 2-2: Ball 3-2: Strikes out looking
|
Batting: RHB Eugene Bennett
|
0-0: Ball 1-0: Ball 2-0: Called Strike 2-1: Fly out, F8 (Flyball, 8LM)
|
Batting: SHB Brian Carr
|
0-0: Called Strike 0-1: Ground out U3 (Groundball, 3L)
|
Bottom of the 4th over - 0 runs, 0 hits, 0 errors, 0 left on base; Grim 2 - Louisiana 0 |
TOP OF THE 5TH |
Grim Reapers batting - Pitching for Louisiana Dragoons : LHP Noe Toepfer
|
Batting: RHB Tsuneari Hirano
|
0-0: Ball 1-0: Ball 2-0: Foul Ball, location: 2F 2-1: Ground out 6-3 (Groundball, 6)
|
Batting: RHB Tso-i Wang
|
0-0: Foul Ball, location: 2F 0-1: Ball 1-1: Foul Ball, location: 2F 1-2: Strikes out swinging
|
Batting: LHB Semo Hoaloha
|
0-0: Foul Ball, location: 2F 0-1: Foul Ball, location: 2F 0-2: Foul Ball, location: 2F 0-2: Ball 1-2: Ball 2-2: Ball 3-2: Foul Ball, location: 2F 3-2: Foul Ball, location: 2F 3-2: SINGLE (Line Drive, 8LS)
|
Batting: RHB Scotty Glenn
|
0-0: Ball 1-0: Fielders Choice at 2nd, 6-4 (Groundball, 6)
|
Top of the 5th over - 0 runs, 1 hit, 0 errors, 1 left on base; Grim 2 - Louisiana 0 |
BOTTOM OF THE 5TH |
Louisiana Dragoons batting - Pitching for Grim Reapers : RHP Kabeya Kasongo
|
Batting: LHB Pancho González
|
0-0: Ball 1-0: Foul Ball, location: 2F 1-1: Foul Ball, location: 2F 1-2: Ball 2-2: Fly out, F7 (Flyball, 7)
|
Batting: LHB Walt Trombly
|
0-0: Ball 1-0: Called Strike 1-1: Bunt for hit - play at first, batter OUT! 5-3
|
Batting: RHB Wallace Belyeu
|
0-0: Called Strike 0-1: Foul Ball, location: 2F 0-2: Foul Ball, location: 2F 0-2: Foul Ball, location: 2F 0-2: Ball 1-2: Ball 2-2: DOUBLE (Line Drive, 78D)
|
Batting: RHB Denny Moore
|
0-0: DOUBLE (Line Drive, 9LS) Wallace Belyeu scores
|
Batting: RHB Toyoshige Ine
|
0-0: Ball 1-0: Swinging Strike 1-1: Foul Ball, location: 2F 1-2: Strikes out looking
|
Bottom of the 5th over - 1 run, 2 hits, 0 errors, 1 left on base; Grim 2 - Louisiana 1 |
TOP OF THE 6TH |
Grim Reapers batting - Pitching for Louisiana Dragoons : LHP Noe Toepfer
|
Batting: RHB Huai-yi Yang
|
0-0: SINGLE (Line Drive, 89M)
|
Batting: RHB Bearooz Yacoobi
|
0-0: Ball 1-0: Called Strike 1-1: Ball 2-1: Ball 3-1: SINGLE (Line Drive, 9LM) Huai-yi Yang to second
|
Batting: RHB Brandon Palmer
|
0-0: Called Strike 0-1: Called Strike 0-2: Ball 1-2: Strikes out swinging
|
Batting: RHB Fraser Albrecht
|
0-0: Called Strike 0-1: Ball 1-1: Foul Ball, location: 2F 1-2: Ball 2-2: Foul Ball, location: 2F 2-2: Fielders Choice at 2nd, 1-4 (Groundball, 15S) Huai-yi Yang to third
|
Batting: SHB Guo-liang Ye
|
0-0: Ball 1-0: Foul Ball, location: 2F 1-1: Ball 2-1: Reached on error, E7 (Flyball, 7) Huai-yi Yang scores Fraser Albrecht to third
|
Pitching: RHP Ivano Carbonetti
|
|
Batting: RHB Tsuneari Hirano
|
0-0: Swinging Strike 0-1: Ball 1-1: Fly out, F7 (Line Drive, 7)
|
Top of the 6th over - 1 run, 2 hits, 1 error, 2 left on base; Grim 3 - Louisiana 1 |
BOTTOM OF THE 6TH |
Louisiana Dragoons batting - Pitching for Grim Reapers : RHP Kabeya Kasongo
|
Batting: RHB Woodrow McGuire
|
0-0: Swinging Strike 0-1: Called Strike 0-2: Foul Ball, location: 2F 0-2: Strikes out swinging
|
Batting: SHB Alexei Ponikarov
|
0-0: Fly out, F7 (Flyball, 7S)
|
Batting: RHB Eugene Bennett
|
0-0: Ball 1-0: Foul Ball, location: 2F 1-1: Foul Ball, location: 2F 1-2: SINGLE (Groundball, 34D)
|
Batting: SHB Brian Carr
|
0-0: SINGLE (Line Drive, 56D) Eugene Bennett to second
|
Batting: LHB Pancho González
|
0-0: Foul Ball, location: 2F 0-1: Foul Ball, location: 2F 0-2: Foul Ball, location: 2F 0-2: Foul Ball, location: 2F 0-2: Ball 1-2: SINGLE (Line Drive, 4M) Eugene Bennett to third Brian Carr to second Runner from 3rd tries for Home, SAFE, no throw
|
Batting: LHB Walt Trombly
|
0-0: Called Strike 0-1: Ball 1-1: Ground out U3 (Groundball, 34S)
|
Bottom of the 6th over - 1 run, 3 hits, 0 errors, 2 left on base; Grim 3 - Louisiana 2 |
TOP OF THE 7TH |
Grim Reapers batting - Pitching for Louisiana Dragoons : RHP Ivano Carbonetti
|
Batting: RHB Tso-i Wang
|
0-0: Ball 1-0: Ball 2-0: Swinging Strike 2-1: Ball 3-1: Called Strike 3-2: Strikes out swinging
|
Batting: LHB Semo Hoaloha
|
0-0: Ball 1-0: Ball 2-0: Called Strike 2-1: Ball 3-1: Foul Ball, location: 2F 3-2: Strikes out looking
|
Batting: RHB Scotty Glenn
|
0-0: Called Strike 0-1: Ball 1-1: Swinging Strike 1-2: Strikes out looking
|
Top of the 7th over - 0 runs, 0 hits, 0 errors, 0 left on base; Grim 3 - Louisiana 2 |
BOTTOM OF THE 7TH |
Louisiana Dragoons batting - Pitching for Grim Reapers : RHP Kabeya Kasongo
|
Pitching: RHP Leon Sorensen
|
|
Batting: RHB Wallace Belyeu
|
0-0: Ball 1-0: Ball 2-0: Fly out, F5 (Line Drive, 5)
|
Batting: RHB Denny Moore
|
0-0: Swinging Strike 0-1: Foul Ball, location: 2F 0-2: DOUBLE (Flyball, 8RXD)
|
Batting: RHB Toyoshige Ine
|
0-0: Swinging Strike 0-1: Fly out, F7 (Flyball, 7)
|
Batting: RHB Woodrow McGuire
|
0-0: Fly out, F3 (Popup, 34S)
|
Bottom of the 7th over - 0 runs, 1 hit, 0 errors, 1 left on base; Grim 3 - Louisiana 2 |
TOP OF THE 8TH |
Grim Reapers batting - Pitching for Louisiana Dragoons : RHP Ivano Carbonetti
|
Batting: RHB Huai-yi Yang
|
0-0: Ground out 5-3 (Groundball, 56S)
|
Batting: SHB Tekkan Hayagawa
|
0-0: SINGLE (Line Drive, 9LS)
|
Batting: RHB Brandon Palmer
|
0-0: Ball 1-0: Fly out, F8 (Flyball, 8RD)
|
Batting: RHB Fraser Albrecht
|
0-0: Called Strike 0-1: Ball 1-1: Foul Ball, location: 2F 1-2: Fly out, F9 (Flyball, 9S)
|
Top of the 8th over - 0 runs, 1 hit, 0 errors, 1 left on base; Grim 3 - Louisiana 2 |
BOTTOM OF THE 8TH |
Louisiana Dragoons batting - Pitching for Grim Reapers : RHP Leon Sorensen
|
Batting: SHB Alexei Ponikarov
|
0-0: Ball 1-0: Ball 2-0: Swinging Strike 2-1: Swinging Strike 2-2: Ball 3-2: Fly out, F8 (Line Drive, 8RD)
|
Batting: RHB Eugene Bennett
|
0-0: SINGLE (Groundball, 56D)
|
Pitching: RHP Chet Gustafson
|
|
Batting: SHB Brian Carr
|
0-0: Ball 1-0: Fly out, F8 (Flyball, 8LM)
|
Batting: LHB Pancho González
|
0-0: Swinging Strike 0-1: Ball 1-1: Ball 2-1: Fly out, F9 (Flyball, 9S)
|
Bottom of the 8th over - 0 runs, 1 hit, 0 errors, 1 left on base; Grim 3 - Louisiana 2 |
TOP OF THE 9TH |
Grim Reapers batting - Pitching for Louisiana Dragoons : RHP Ivano Carbonetti
|
Pitching: RHP Edmond McCord
|
|
Batting: SHB Guo-liang Ye
|
0-0: Ball 1-0: SINGLE (Flyball, 8RS)
|
Batting: RHB Tsuneari Hirano
|
0-0: Foul Ball, location: 2F 0-1: Called Strike 0-2: Ball 1-2: Fly out, F8 (Flyball, 8LD)
|
Batting: RHB Tso-i Wang
|
0-0: Ball 1-0: Called Strike 1-1: Foul Ball, location: 2F 1-2: Foul Ball, location: 2F 1-2: Foul Ball, location: 2F 1-2: Strikes out swinging
|
Batting: LHB Semo Hoaloha
|
0-0: Ball 1-0: Foul Ball, location: 2F 1-1: Foul Ball, location: 2F 1-2: Ball 2-2: Strikes out swinging
|
Top of the 9th over - 0 runs, 1 hit, 0 errors, 1 left on base; Grim 3 - Louisiana 2 |
BOTTOM OF THE 9TH |
Louisiana Dragoons batting - Pitching for Grim Reapers : RHP Chet Gustafson
|
Pitching: RHP Jerry Magee
|
|
Batting: LHB Walt Trombly
|
0-0: Reached on error, E5 (Groundball, 5L)
|
Batting: RHB Wallace Belyeu
|
0-0: Ball 1-0: Fly out, F9 (Flyball, 89S)
|
Batting: RHB Denny Moore
|
0-0: Called Strike 0-1: Ball 1-1: Ball 2-1: Foul Ball, location: 2F 2-2: Strikes out swinging
|
Batting: RHB Toyoshige Ine
|
0-0: Called Strike 0-1: Foul Ball, location: 2F 0-2: Ball 1-2: Foul Ball, location: 2F 1-2: Ball 2-2: Ball Passed Ball! Walt Trombly to third 3-2: Strikes out swinging
|
Bottom of the 9th over - 0 runs, 0 hits, 1 error, 1 left on base; Grim 3 - Louisiana 2 |
|